 Dungeon Crawl Stone Soup version 0.28-a0-863-g8cecda6153 (webtiles) character file.

Game seed: 14706681236019533108

662 vineage the Fighter (level 7, -7/62 HPs)
             Began as a Demonspawn Gladiator on Nov 18, 2021.
             Mangled by an orc warrior (19 damage)
             ... on level 4 of the Dungeon.
             The game lasted 00:05:54 (4329 turns).

vineage the Fighter (Demonspawn Gladiator)          Turns: 4329, Time: 00:05:55

Health: -7/62      AC: 14    Str: 16    XL:     7   Next: 30%
Magic:  6/6        EV: 12    Int:  9    God:
Gold:   107        SH:  0    Dex: 13    Spells: 6/6 levels left

rFire   + . .      SeeInvis .   j - +1 whip (flame)
rCold   . . .      Faith    .   (no shield)
rNeg    . . .      Spirit   .   b - +0 leather armour
rPois   .          Reflect  .   c - +0 helmet
rElec   .          Harm     .   (no cloak)
rCorr   .          Rampage  .   f - +0 pair of gloves
Will    .....                   (no boots)
Stlth   +.........              (no amulet)
HPRegen 0.20/turn               (no ring)
MPRegen 0.10/turn               (no ring)

@: sanguine armoured
A: spiny 1, sanguine armour 2, weakness stinger 2, clumsy 1, fire resistance 1,
low mp 1
a: no special abilities


You were on level 4 of the Dungeon.
You visited 1 branch of the dungeon, and saw 4 of its levels.

You collected 107 gold pieces.

Inventory:

Hand Weapons
 a - a +0 long sword
 j - a +1 whip of flaming (weapon)
Missiles
 d - 3 throwing nets (quivered)
Armour
 b - a +0 leather armour (worn)
 c - a +0 helmet (worn)
 f - a +0 pair of gloves (worn)
Wands
 g - a wand of flame (5)
 k - a wand of iceblast (10)


   Skills:
 + Level 8.3 Fighting
 - Level 2.6 Long Blades
 - Level 1.7 Throwing
 - Level 2.6 Dodging


You had 6 spell levels left.
You didn't know any spells.
Your spell library contained the following spells:

 Spells                   Type           Power      Damage    Failure   Level
 Slow                     Hex            0%         N/A       45%         1
 Confusing Touch          Hex            0%         N/A       83%         3
 Blade Hands              Tmut           0%         N/A       100%        5
 Irradiate                Conj/Tmut      0%         3d13      100%        5
 Yara's Violent Unravell  Hex/Tmut       0%         3d3       100%        5
 Dragon Form              Tmut           0%         N/A       100%        7


Dungeon Overview and Level Annotations

Branches:
Dungeon (4/15)
 Temple: D:4-7

Altars:
Ashenzari
Hepliaklqana

Shops:
D:2 (


Innate Abilities, Weirdness & Mutations

You are partially covered in sharp spines.
When seriously injured, your bleeding wounds create thick armour. (AC +9)
You have a tail ending in a sharp stinger.
You are clumsy. (Dex -2)
Your flesh is heat resistant. (rF+)
Your magical capacity is low. (-10% MP)


Message History

You are too injured to fight recklessly!
You are too injured to fight recklessly!
You are too injured to fight recklessly!
You are too injured to fight recklessly!
You are too injured to fight recklessly!
You are too injured to fight recklessly!
You are too injured to fight recklessly!
You are too injured to fight recklessly!
You are too injured to fight recklessly!
The orc warrior closely misses you.
The orc warrior hits you but does no damage.
You hit the orc warrior but do no damage.
The orc warrior is moderately wounded.
The orc warrior is struck by your spines.
The orc warrior hits you with a +5 flail!
* * * LOW HITPOINT WARNING * * *
You hit the orc warrior but do no damage.
The orc warrior is moderately wounded.
The orc warrior closely misses you. The orc warrior blocks your attack.
The orc warrior is moderately wounded.
The orc warrior hits you with a +5 flail.
* * * LOW HITPOINT WARNING * * *
You barely miss the orc warrior.
The orc warrior is moderately wounded.
The orc warrior hits you with a +5 flail!
* * * LOW HITPOINT WARNING * * *
You feel better.
The orc warrior hits you but does no damage.
As you read the scroll labelled JAEFIFEMUS, it crumbles to dust.
You assume a fearsome visage.
The orc warrior looks frightened!
It was a scroll of fear.
Items here: )))) [[ †††.
An orc warrior is nearby!
The orc warrior hits you with a +5 flail.
* * * LOW HITPOINT WARNING * * *
The orc warrior hits you with a +5 flail.
* * * LOW HITPOINT WARNING * * *
The orc warrior hits you with a +5 flail!!
You die...

##
#.###..##§§§##
###<###..#§§§§§#
#....##....§§§§#
#..........###.#
#....####### #.#
###### #.# ###)#
##...##
##.@...##
#..o....#
#.......#
#.......#
##.....##
#.......#
#.......#
#.......#
##.....##


You could see an orc warrior.

Vanquished Creatures
  Pikel (D:3)
  A lemure (D:3)
  A jelly (D:3)
  Jessica (D:2)
  An adder (D:4)
  2 worms
  2 dart slugs
  7 orcs
  5 endoplasms
  2 giant cockroaches
  7 goblins
  5 hobgoblins
  7 jackals (D:1)
  5 quokkas
  5 ball pythons
  4 bats
  6 frilled lizards
  9 kobolds
  2 rats
73 creatures vanquished.

Notes
Turn   | Place    | Note
-------+----------+-------------------------------------------
     0 | D:1      | vineage the Demonspawn Gladiator began the quest for the
                  | Orb.
     0 | D:1      | Reached XP level 1. HP: 16/16 MP: 1/1
   216 | D:1      | Gained mutation: When seriously injured, your bleeding
                  | wounds create armour. (AC +9) [demonic ancestry]
   216 | D:1      | Reached XP level 2. HP: 2/23 MP: 2/2
   550 | D:1      | Reached skill level 3 in Fighting
   974 | D:1      | Gained mutation: You have a small tail. [demonic ancestry]
   974 | D:1      | Reached XP level 3. HP: 29/29 MP: 3/3
  1590 | D:2      | Noticed Jessica
  1614 | D:2      | Killed Jessica
  1615 | D:2      | Reached skill level 4 in Fighting
  1736 | D:2      | Found Qumell's Antique Weapon Shop.
  1797 | D:2      | Gained mutation: You have a tail ending in a sharp stinger.
                  | [demonic ancestry]
  1797 | D:2      | Reached XP level 4. HP: 28/38 MP: 4/4
  1969 | D:2      | Found a faded altar of an unknown god.
  2777 | D:3      | Reached skill level 5 in Fighting
  3202 | D:3      | Found a broken altar of Ashenzari.
  3484 | D:3      | Gained mutation: You are partially covered in sharp spines.
                  | [demonic ancestry]
  3484 | D:3      | Reached XP level 5. HP: 28/44 MP: 5/5
  3732 | D:4      | Noticed a lemure
  3733 | D:4      | Noticed a lemure
  3734 | D:4      | Noticed Pikel
  3736 | D:4      | Noticed a lemure
  3736 | D:4      | Noticed a lemure
  3744 | D:3      | Killed a lemure
  3803 | D:3      | Gained mutation: Your magical capacity is low. (-10% MP)
                  | [potion of mutation]
  3803 | D:3      | Gained mutation: You are clumsy. (Dex -2) [potion of
                  | mutation]
  3803 | D:3      | Gained mutation: Your flesh is heat resistant. (rF+)
                  | [potion of mutation]
  3820 | D:3      | Killed Pikel
  3821 | D:3      | Reached skill level 8 in Fighting
  3821 | D:3      | Gained mutation: When seriously injured, your bleeding
                  | wounds create thick armour. (AC +9) [demonic ancestry]
  3821 | D:3      | Reached XP level 6. HP: 13/56 MP: 5/5
  3821 | D:3      | Reached XP level 7. HP: 14/62 MP: 6/6
  4269 | D:4      | Found a faded altar of an unknown god.
  4271 | D:4      | Found a hazy altar of Hepliaklqana.
  4329 | D:4      | Mangled by an orc warrior

Illustrated notes

Levels and vault maps discovered:
D:1:      dpeg_arrival_more_subterranean_lakeside_camping, layout_loops_corners
D:2:      layout_basic, shapermc_ecumenical_altar_mp_highgroup, serial_shops,
          shop_fountains, uniq_jessica
D:3:      layout_rooms, mainiacjoe_overflow_alcove_4
D:4:      layout_rooms, nicolae_ru_awakened_eye,
          nicolae_elyvilon_peaceful_grove, beargit_hepliaklqana_dungeon_heroes,
          uniq_pikel, uniq_crazy_yiuf_cottage, uniq_edmund

Skill      XL: |  1  2  3  4  5 |
---------------+----------------+-----
Fighting       | 3 4 5 8 |  8.3
Long Blades    | |  2.6
Throwing       | |  1.7
Dodging        | |  2.6

Action                   |  1- 3 |  4- 6 |  7- 9 || total
-------------------------+-------+-------+-------++-------
Melee: Long sword        |    98 |   132 |       ||   230
       Tailslap          |     4 |    14 |     5 ||    23
       Whip              |       |       |    23 ||    23
  Use: Potion            |     2 |     3 |     1 ||     6
       Scroll            |       |       |     3 ||     3
 Stab: Sleeping          |     1 |       |       ||     1
Armor: Leather armour    |    44 |    56 |     4 ||   104
Dodge: Dodged            |    87 |   111 |    11 ||   209

Table legend: (Time is in decaauts)
 A = Elapsed time spent in this place.
 B = Non-inter-level travel time spent in this place.
 C = Inter-level travel time spent in this place.
 D = Time resting spent in this place.
 E = Time spent auto-exploring this place.
 F = Levels seen in this place.
 G = Mean time per level.
                   A        B        C        D        E       F      G
               +--------+--------+--------+--------+--------+-----+--------+
         Total |   4382 |   4289 |     93 |      0 |   3536 |   4 | 1095.5 |
       Dungeon |   4382 |   4289 |     93 |      0 |   3536 |   4 | 1095.5 |
               +--------+--------+--------+--------+--------+-----+--------+

Top non-repeatable levels by time:
     D:3: 1577 daAuts
     D:1: 1534 daAuts
     D:2: 999 daAuts
     D:4: 270 daAuts
